 Dungeon Sprint DCSS version 0.27-a0-1322-gfdffb62a71 (webtiles) character file.

Game seed: 11519177284130344097

38850 rocky1 the Peltast (level 14, -1/126 HPs)
             Began as a Formicid Fighter on June 23, 2021.
             Was the Champion of Cheibriados.
             Slain by an orc warlord (47 damage)
             ... in the Dungeon (Sprint VII: "The Pits").
             The game lasted 00:17:03 (4532 turns).

rocky1 the Peltast (Formicid Fighter)               Turns: 4532, Time: 00:17:04

Health: -1/126     AC: 22    Str: 41    XL:     14   Next: 36%
Magic:  2/26       EV: 24    Int: 23    God:    Cheibriados [******]
Gold:   16         SH: 18    Dex: 25    Spells: 13/13 levels left

rFire    . . .     SeeInvis +   n - +2 war axe (freeze)
rCold    . . .     Faith    .   c - +0 kite shield
rNeg     . . .     Spirit   .   a - +4 chain mail
rPois    .         Reflect  .   (helmet unavailable)
rElec    .         Harm     .   (no cloak)
rCorr    .         Rampage  .   b - +0 pair of gloves
Will     +....                  (no boots)
Stlth    ..........             (no amulet)
HPRegen  0.31/turn              l - +3 ring of evasion
MPRegen  0.20/turn              m - +3 ring of protection

@: very slow
A: permanent stasis, dig shafts and tunnels, antennae 3, four strong arms
a: Dig, Renounce Religion, Bend Time, Temporal Distortion, Slouch, Step From
Time


You were in the Dungeon.
You worshipped Cheibriados.
Cheibriados was exalted by your worship.
You visited 1 branch You collected 16 gold pieces.

Inventory:

Hand Weapons
 n - a +2 war axe of freezing (weapon)
 E - a +1 whip of holy wrath
 F - a +1 demon whip of venom
 G - a +2 demon whip of venom
Missiles
 D - 24 poisoned darts
 H - 8 silver javelins
Armour
 a - a +4 chain mail (worn)
 b - a +0 pair of gloves (worn)
 c - a +0 kite shield (worn)
 I - a +0 ring mail of poison resistance
Magical Staves
 C - a staff of earth
Jewellery
 l - a +3 ring of evasion (left hand)
 m - a +3 ring of protection (right hand)
 u - the ring of Xom's Reproof {rElec rF+ Str+6 Int-5}
   (You found it in the Dungeon)

   [ring of strength]

   It affects your strength (+6).
   It affects your intelligence (-5).
   It protects you from fire.
   It insulates you from electricity.
 z - a ring of ice
 B - a ring of protection from cold
Wands
 k - a wand of acid (5)
 v - a wand of charming (10)
 A - a wand of flame (21)
Scrolls
 i - 5 scrolls of amnesia
 j - a scroll of summoning
 p - 8 scrolls of enchant armour
 r - a scroll of fear
 t - a scroll of fog
 w - a scroll of silence
 x - a scroll of brand weapon
 y - 2 scrolls of identify
Potions
 d - 2 potions of might
 e - 11 potions of curing
 f - 10 potions of heal wounds
 g - 3 potions of magic
 h - 2 potions of invisibility
 o - a potion of mutation
 q - 2 potions of brilliance
 s - a potion of resistance
Miscellaneous
 J - a lightning rod (4/4)


   Skills:
 + Level 16.7 Fighting
 + Level 15.3 Axes
 + Level 16.5 Armour
 + Level 13.9 Dodging
 + Level 17.9 Shields
 + Level 16.6 Invocations
 + Level 6.3 Evocations


You had 13 spell levels left.
You didn't know any spells.
Your spell library contained the following spells:

 Spells                   Type           Power      Damage    Failure   Level
 Foxfire                  Conj/Fire      0%         2x1d4     34%         1
 Hailstorm                Conj/Ice       0%         3d3       98%         4
 Freezing Cloud           Conj/Ice/Air   0%         6-21      100%        5
 Borgnjor's Revivificati  Necr           0%         N/A       100%        8
 Infestation              Necr           0%         N/A       100%        8
 Necromutation            Tmut/Necr      0%         N/A       100%        8
 Death's Door             Necr           0%         N/A       100%        9
 Polar Vortex             Ice            0%         N/A       100%        9


Dungeon Overview and Level Annotations

Branches:
Dungeon (1/1)

Altars:
Ashenzari
Cheibriados
Dithmenos
Elyvilon
Fedhas
Gozag
Hepliaklqana
Kikubaaqudgha
Makhleb
Nemelex Xobeh
Okawaru
Qazlal
Ru
Sif Muna
Trog
Uskayaw
Vehumet
Wu Jian
Xom
Yredelemnul
Zin
The Shining One
Beogh
Jiyva
Lugonu


Innate Abilities, Weirdness & Mutations

You cannot be hasted, slowed, berserked, paralysed or teleported.
You can dig through walls and to a lower floor.
You have a pair of large antennae on your head. (SInv)
Your four strong arms can wield two-handed weapons with a shield.


Message History

The orc knight roars a battlecry!
The orc warlord goes into a battle-frenzy!
Unknown command.
You can feel time thicken for a moment.
You block the orc knight's attack. The orc knight completely misses you.
Unknown command.
You can feel time thicken for a moment.
You kill the orc knight!
Cheibriados appreciates the change of pace.
You kill the orc knight!
Cheibriados thoroughly appreciates the change of pace.
You kill the orc knight!
Cheibriados thoroughly appreciates the change of pace.
You kill the orc knight!
Cheibriados thoroughly appreciates the change of pace.
The orc knight roars a battlecry!
The orc warlord unwields a +1 great sword.
The orc warlord wields a +0 arbalest.
The orc warlord shoots a bolt.
You block the bolt.
Your Evocations skill increases to level 6!
You can feel time thicken for a moment.
You kill the orc knight!
Cheibriados appreciates the change of pace.
Unknown command.
You barely miss the orc warlord.
The orc warlord is severely wounded.
You closely miss the orc warlord.
The orc warlord is severely wounded.
You slice the orc warlord!! You freeze the orc warlord.
The orc warlord is almost dead.
The orc knight no longer looks unusually strong.
The orc warlord roars a battlecry!
The orc knight goes into a battle-frenzy!
A water elemental comes into view.
You hit the orc warlord but do no damage.
The orc warlord is almost dead.
You block the orc knight's attack.
The orc warlord unwields a +0 arbalest.
The orc warlord wields a +1 great sword.
The orc warlord hits you with a +1 great sword!!!
You die... .......# {{{ .......# {{{{

....#..# .......+ { .......+ { {
'####''#
'####''##########################
...##...........o)...............
##.##...........@.o)).......[....
.'.##..##############E'##########
.#.##..# {{{ .{.{.. {{{ ['.##..#
.......# [#.##..# ###.o#### {
'#.##..# ...o { ...##..#{ { {
...o. { #####..# { { {{ { .oo..
#####..#


o You could see an orc warlord (strong), an orc knight (strong) and a water
elemental.

Vanquished Creatures
  A death cob (D)
  Gastronok (D)
  A nagaraja (D)
  A ghost moth (D)
  An angel (D)
  A war gargoyle (D)
  2 balrugs (D)
  A vampire knight (D)
  An ophan (D)
  A minotaur (D)
  A boulder beetle (D)
  A hydra (D)
  An alligator (D)
  A dancing weapon (D)
  Nergalle (D)
  9 skeletal warriors (D)
  2 deep trolls (D)
  A shadow wraith (D)
  A deep elf zephyrmancer (D)
  A necromancer (D)
  6 orc knights (D)
  A deep elf pyromancer (D)
  A manticore (D)
  3 black mambas (D)
  Joseph (D)
  2 molten gargoyles (D)
  An unseen horror (D)
  An orange demon (D)
  A demonic crawler (D)
  A yaktaur (D)
  2 ice devils (D)
  A hellwing (D)
  A guardian mummy (D)
  2 tyrant leeches (D)
  A polar bear (D)
  4 hornets (D)
  A merfolk (D)
  7 dream sheep (D)
  A redback (D)
  2 tarantellas (D)
  A snapping turtle (D)
  A wyvern (D)
  A water elemental (D)
  4 spriggans (D)
  6 yaks (D)
  A basilisk (D)
  A fire elemental (D)
  A chaos spawn (D)
  6 vampire mosquitoes (D)
  A warg (D)
  5 hell hounds (D)
  An acid dragon (D)
  A water moccasin (D)
  A black bear (D)
  A sky beast (D)
  A necrophage (D)
  A wolf (D)
  A kobold brigand (D)
  A scorpion (D)
  An earth elemental (D)
  3 hounds (D)
  A quasit (D)
  Jessica (D)
  3 small abominations (D)
  A mummy (D)
  A river rat (D)
  2 white imps (D)
  2 ufetubi (D)
  An adder zombie (D)
  A worm (D)
  An adder simulacrum (D)
  An orc (D)
  A ball python (D)
  A bat skeleton (D)
  A bat zombie (D)
  2 hobgoblins (D)
  7 jackals (D)
  A kobold (D)
  A ball python skeleton (D)
  2 bats (D)
  2 bat simulacra (D)
  A frilled lizard (D)
  A jackal zombie (D)
145 creatures vanquished.

Notes
Turn   | Place    | Note
-------+----------+-------------------------------------------
     0 | D        | rocky1 the Formicid Fighter began the quest for the Orb.
     0 | D        | Reached XP level 1. HP: 18/18 MP: 1/1
    20 | D        | Found a bloodstained altar of Trog.
    20 | D        | Found a shimmering blue altar of Sif Muna.
    20 | D        | Found a viscous altar of Jiyva.
    20 | D        | Found a hazy altar of Hepliaklqana.
    20 | D        | Found an opulent altar of Gozag.
    21 | D        | Found a glowing golden altar of the Shining One.
    21 | D        | Found a glowing silver altar of Zin.
    21 | D        | Found a basalt altar of Yredelemnul.
    21 | D        | Found a shimmering altar of Xom.
    21 | D        | Found an ornate altar of the Wu Jian Council.
    21 | D        | Found a sacrificial altar of Ru.
    21 | D        | Found a stormy altar of Qazlal.
    21 | D        | Found an iron altar of Okawaru.
    21 | D        | Found a sparkling altar of Nemelex Xobeh.
    21 | D        | Found a burning altar of Makhleb.
    21 | D        | Found a blossoming altar of Fedhas.
    21 | D        | Found a white marble altar of Elyvilon.
    21 | D        | Found a shadowy altar of Dithmenos.
    21 | D        | Found a snail-covered altar of Cheibriados.
    24 | D        | Found a corrupted altar of Lugonu.
    24 | D        | Found a radiant altar of Vehumet.
    25 | D        | Found an ancient bone altar of Kikubaaqudgha.
    25 | D        | Found a hide-covered altar of Uskayaw.
    25 | D        | Found a broken altar of Ashenzari.
    34 | D        | Became a worshipper of Cheibriados the Contemplative
    88 | D        | Reached * piety under Cheibriados
    89 | D        | Reached skill level 1 in Dodging
    89 | D        | Reached skill level 4 in Shields
    89 | D        | Reached skill level 1 in Invocations
    93 | D        | Reached ** piety under Cheibriados
    96 | D        | Reached XP level 2. HP: 15/25 MP: 2/2
   232 | D        | Reached *** piety under Cheibriados
   351 | D        | Reached XP level 3. HP: 17/31 MP: 3/5
   354 | D        | Reached **** piety under Cheibriados
   359 | D        | Reached skill level 5 in Shields
   359 | D        | Reached XP level 4. HP: 15/38 MP: 4/6
   608 | D        | Noticed a scorpion
   620 | D        | Reached skill level 5 in Armour
   626 | D        | Reached ***** piety under Cheibriados
   632 | D        | Killed a scorpion
   633 | D        | Reached skill level 5 in Fighting
   633 | D        | Reached skill level 6 in Shields
   633 | D        | Reached XP level 5. HP: 41/46 MP: 6/8
   700 | D        | Noticed a kobold brigand
   714 | D        | Killed a kobold brigand
   715 | D        | Reached skill level 5 in Axes
   715 | D        | Reached skill level 5 in Invocations
   715 | D        | Reached XP level 6. HP: 53/53 MP: 8/10
   733 | D        | Noticed a deep troll
   743 | D        | HP: 1/53 [deep troll (14)]
   747 | D        | Killed a deep troll
   748 | D        | Reached skill level 8 in Shields
   748 | D        | Reached XP level 7. HP: 35/62 MP: 5/13
   748 | D        | Reached XP level 8. HP: 38/68 MP: 5/14
   899 | D        | Reached skill level 9 in Shields
  1013 | D        | Noticed a polar bear
  1013 | D        | Noticed a hornet
  1015 | D        | Killed a hornet
  1015 | D        | Reached ****** piety under Cheibriados
  1028 | D        | Killed a polar bear
  1261 | D        | Found the +8 arc blade {discharge, rElec}
  1491 | D        | Noticed a yak
  1491 | D        | Noticed a yak
  1491 | D        | Noticed a yak
  1491 | D        | Noticed a yak
  1491 | D        | Noticed a yak
  1492 | D        | Noticed a yak
  1493 | D        | Killed a yak
  1493 | D        | Killed a yak
  1493 | D        | Killed a yak
  1493 | D        | Killed a yak
  1494 | D        | Reached skill level 10 in Shields
  1494 | D        | Reached XP level 9. HP: 77/77 MP: 4/16
  1495 | D        | Reached skill level 10 in Invocations
  1514 | D        | Noticed a hellwing
  1522 | D        | Killed a hellwing
  1523 | D        | Reached skill level 10 in Fighting
  1523 | D        | Reached skill level 10 in Armour
  1523 | D        | Reached skill level 11 in Shields
  1561 | D        | Noticed Joseph
  1561 | D        | Noticed a black mamba
  1573 | D        | Killed a black mamba
  1574 | D        | Reached XP level 10. HP: 36/86 MP: 16/18
  1576 | D        | Killed Joseph
  1953 | D        | Noticed Jessica
  1966 | D        | Killed Jessica
  1972 | D        | Noticed a boulder beetle
  1997 | D        | Killed a boulder beetle
  1998 | D        | Reached skill level 10 in Axes
  1998 | D        | Reached skill level 12 in Shields
  2283 | D        | Noticed an alligator
  2295 | D        | Killed an alligator
  2296 | D        | Reached XP level 11. HP: 81/95 MP: 18/20
  2315 | D        | Noticed a manticore
  2321 | D        | Killed a manticore
  2322 | D        | Reached skill level 13 in Shields
  2329 | D        | Reached skill level 10 in Dodging
  2423 | D        | Noticed a vampire knight
  2423 | D        | Noticed a seven-headed hydra
  2430 | D        | Killed a vampire knight
  2431 | D        | Killed a nine-headed hydra
  2608 | D        | Noticed a skeletal warrior
  2608 | D        | Noticed a necromancer
  2610 | D        | Noticed a deep elf pyromancer
  2612 | D        | Noticed a skeletal warrior
  2613 | D        | Noticed a skeletal warrior
  2620 | D        | Killed a necromancer
  2622 | D        | Killed a skeletal warrior
  2622 | D        | Killed a deep elf pyromancer
  2623 | D        | Reached skill level 14 in Shields
  2623 | D        | Reached XP level 12. HP: 75/105 MP: 2/22
  2628 | D        | Killed a skeletal warrior
  2628 | D        | Killed a skeletal warrior
  2767 | D        | Noticed a skeletal warrior
  2787 | D        | Killed a skeletal warrior
  2891 | D        | Got the ring of Xom's Reproof {rElec rF+ Str+6 Int-5}
  2979 | D        | Noticed a skeletal warrior
  2981 | D        | Noticed a skeletal warrior
  2981 | D        | Noticed a skeletal warrior
  2997 | D        | Killed a skeletal warrior
  3004 | D        | Killed a skeletal warrior
  3010 | D        | Killed a skeletal warrior
  3011 | D        | Reached skill level 15 in Shields
  3021 | D        | Noticed a skeletal warrior
  3021 | D        | Noticed a skeletal warrior
  3036 | D        | Killed a skeletal warrior
  3044 | D        | Killed a skeletal warrior
  3431 | D        | Noticed a deep troll
  3437 | D        | Killed a deep troll
  3438 | D        | Reached skill level 15 in Invocations
  3457 | D        | Noticed Gastronok
  3469 | D        | Killed Gastronok
  3470 | D        | Reached XP level 13. HP: 114/114 MP: 24/24
  3579 | D        | Noticed Nergalle
  3591 | D        | Killed Nergalle
  3669 | D        | Noticed a balrug
  3669 | D        | Noticed an angel
  3669 | D        | Noticed a death cob
  3669 | D        | Noticed a nagaraja
  3670 | D        | Killed a death cob
  3671 | D        | Reached skill level 15 in Fighting
  3671 | D        | Reached skill level 15 in Armour
  3671 | D        | Reached skill level 16 in Shields
  3674 | D        | Killed a balrug
  3675 | D        | Killed an angel
  3680 | D        | Killed a nagaraja
  3788 | D        | Reached skill level 1 in Evocations
  3795 | D        | Noticed a war gargoyle
  3800 | D        | Noticed an ophan
  3802 | D        | Killed a war gargoyle
  3803 | D        | Reached skill level 17 in Shields
  3809 | D        | Killed an ophan
  3836 | D        | Noticed a balrug
  3837 | D        | Noticed a ghost moth
  3841 | D        | Killed a ghost moth
  3842 | D        | Reached XP level 14. HP: 113/125 MP: 0/26
  3845 | D        | Killed a balrug
  3855 | D        | Reached skill level 15 in Axes
  3888 | D        | Reached skill level 5 in Evocations
  3888 | D        | Noticed a minotaur
  3904 | D        | Killed a minotaur
  4191 | D        | Got the Collected Works on Flamy Snow
  4516 | D        | Noticed an orc warlord
  4532 | D        | Slain by an orc warlord

Illustrated notes

Levels and vault maps discovered:
D:        pitsprint [storerooms_1, entrance_room_1, metal_vault_6, armoury_2,
          mini_pit_1, grid_room_1, main_hall_1, silver_pit, the_coven_3,
          the_vestibule_1, steel_vault_3, golden_pit, hallway_of_sentries,
          crystal_vault_2, iron_vault_5, final_vault]

Skill      XL: |  1  2  3  4  5  6  7  8  9 10 11 12 13 14 |
---------------+-------------------------------------------+-----
Dodging        | 1 2 3 4 6 7 8 9 10 12 13 | 13.9
Shields        | 4 5 6 8 10 11 12 14 15 17 | 17.9
Invocations    | 1 2 3 4 5 8 9 10 12 13 15 16 | 16.6
Fighting       | 4 5 6 8 9 10 11 13 14 16 | 16.7
Axes           | 3 4 5 7 8 9 10 12 13 14 15 | 15.3
Armour         | 4 5 6 8 9 10 11 13 14 16 | 16.5
Evocations     | 4 6 |  6.3

Action                   |  1- 3 |  4- 6 |  7- 9 | 10-12 | 13-15 || total
-------------------------+-------+-------+-------+-------+-------++-------
Melee: War axe           |    52 |       |    27 |   186 |   117 ||   382
       Hand axe          |       |    55 |    29 |       |       ||    84
Invok: Slouch            |       |     3 |     3 |    14 |    13 ||    33
  Use: Potion            |       |     5 |       |     1 |     2 ||     8
       Scroll            |       |       |       |     1 |       ||     1
Armor: Scale mail        |    22 |       |       |       |       ||    22
       Chain mail        |       |    41 |    20 |    41 |    17 ||   119
Dodge: Dodged            |    31 |    30 |    24 |   112 |    67 ||   264
Block: Kite shield       |    38 |    55 |    57 |   161 |    95 ||   406

Table legend: (Time is in decaauts)
 A = Elapsed time spent in this place.
 B = Non-inter-level travel time spent in this place.
 C = Inter-level travel time spent in this place.
 D = Time resting spent in this place.
 E = Time spent auto-exploring this place.
 F = Levels seen in this place.
 G = Mean time per level.
                   A        B        C        D        E       F      G
               +--------+--------+--------+--------+--------+-----+--------+
         Total |   5333 |   5204 |    129 |   2965 |      0 |   1 | 5333.0 |
       Dungeon |   5333 |   5204 |    129 |   2965 |      0 |   1 | 5333.0 |
               +--------+--------+--------+--------+--------+-----+--------+

Top non-repeatable levels by time:
       D: 5333 daAuts
